Unix xNetHack Version 8.0.0 - last build Jan 14 2024 16:46:22 (be4d3c81716514284228e1a23197c27ddb32b841). Game began 2024-03-07 11:17:39, ended 2024-03-07 11:56:01. Catomat, neutral female human Wizard ------------ |.......... ------ |.{...%....| |....| |..........| #####|....| |..........| # ### #.....| |~..........###### #|.*..| ----.----|-- # --.--- #### ###### ## ### ## # # ### # # # #####0 ####### # -- -.--.-.---+- # .| |..........| -- ------ # .... |..P<......| |.$.......@d#f#######..[..| |........... |.. p # ....| |..........| | ...| ------------ ---- Catomat the Conjurer St:10 Dx:12 Co:15 In:18 Wi:11 Ch:11 Neutral S:774 Dlvl:6 $:96 HP:0(25) Pw:38(47) AC:7 Xp:4/107 T:1663 Blind Latest messages: You can see again. Not wearing any armor or accessories. The golden haze around you becomes less dense. What do you want to wear? [bkxD or ?*] You are now wearing a blindfold. You can't see any more. You hit the floating eye. You miss the floating eye. You gore the floating eye. You stab the floating eye. You miss the floating eye. You stab the floating eye. You jab the floating eye. You miss the floating eye. You hear some noises. You miss the floating eye. You miss the floating eye. You hit the floating eye. You kill the floating eye! You try to feel what is lying here on the ground. You feel here a floating eye corpse. There is a floating eye corpse here; eat it? [ynq] (n) This floating eye corpse tastes tough. You finish eating the floating eye corpse. You swap places with Mewmew. You miss the dingo. The dingo bites! In what direction? The spell hits the dingo! The dingo bites! The dingo bites! You swap places with Mewmew. You hear some noises. What do you want to wield? [- ahoyCH or ?*] a - a blessed +1 quarterstaff (weapon in hands) {40}. You whack the dingo. The dingo bites! The dingo bites! The dingo bites! The dingo bites! The dingo bites! What do you want to write with? [- ahnoyCGH or ?*] You write in the dust with your fingertip. The dingo bites! You die... Do you want your possessions identified? [ynq] (y) Do you want to see your attributes? [ynq] (y) Do you want an account of creatures vanquished? [ynaq] (y) Do you want to see your conduct and achievements? [ynq] (y) Do you want to see the dungeon overview? [ynq] (y) Inventory: Inventory: 619/675 weight (30/52 slots) Coins $ - 96 gold pieces {1} Weapons y - 9 +0 crossbow bolts {9} o - a +0 sling {3} h - 8 cursed -1 shuriken (at the ready) {8} C - a +0 wooden dagger {3} H - a +0 orcish dagger {10} a - a blessed +1 quarterstaff (weapon in hands) {40} Armor b - an uncursed +0 cloak of magic resistance {10} D - an uncursed +0 leather dwarvish cloak {15} x - a cursed -2 cloth plain cloak {10} k - an uncursed +0 leather jacket {30} Comestibles v - an uncursed food ration {20} p - an uncursed orange {2} l - an uncursed egg {1} i - 4 uncursed lichen corpses {80} Scrolls I - an uncursed scroll of blank paper {5} j - an uncursed scroll of destroy armor {5} s - an uncursed scroll of water {5} Spellbooks c - a blessed spellbook of force bolt {35} d - a blessed spellbook of magic missile {40} w - an uncursed spellbook of magic missile {40} A - an uncursed spellbook of protection {35} f - an uncursed spellbook of remove curse {45} e - an uncursed spellbook of restore ability {45} B - an uncursed spellbook of restore ability {45} Potions z - an uncursed potion of acid {20} t - a cursed potion of extra healing {20} u - an uncursed potion of see invisible {20} Wands G - a wand of secret door detection (0:11) {7} Tools T - an uncursed blindfold (being worn) {2} Gems/Stones n - 4 uncursed flint stones {8} Catomat the Wizard's attributes: Background: You were a Conjurer, a level 4 female human Wizard. You were neutral, nominally on a mission for Thoth who was opposed by Ptah (lawful) and Anhur (chaotic). You were heterosexual. You were in the Dungeons of Doom, on level 6. You entered the dungeon 1663 turns ago. You had 107 experience points, 53 more were needed to attain level 5. Your score was 774 before end-of-game adjustments. Basics: You had 0 out of 25 hit points. You had 38 out of 47 energy points (spell power). Your armor class was 7. Your wallet contained 96 zorkmids. Autopickup was on for '$"?!=/' plus thrown. Final Characteristics: Your strength was 10 (limit:18/100). Your dexterity was 12 (limit:18). Your constitution was 15 (limit:18). Your intelligence was 18 (limit:18). Your wisdom was 11 (limit:18). Your charisma was 11 (limit:18). Final Status: You were deliberately blind. You were not hungry. You were unencumbered. You were wielding a quarterstaff. You had basic skill with quarterstaff. You were not wearing any armor. Final Attributes: You were devoutly aligned. You were telepathic. You had a small defense bonus (+3). You were warded. You are dead. Miscellaneous: You never encountered a bones level. Total elapsed playing time was 37 minutes and 31 seconds. Major events: Turn 1: Catomat the neutral female human Wizard entered the dungeon 379: entered the Gnomish Mines 892: attained the rank of Conjurer (level 3) 1663: killed by a dingo Vanquished creatures: 5 floating eyes a giant bat an iguana 2 hobbits a cave spider a red mold a gnome zombie 4 geckos 6 jackals a fox a kobold 2 goblins 2 sewer rats 5 grid bugs 4 lichens 2 kobold zombies a newt 40 creatures vanquished. No species were genocided or became extinct. Voluntary challenges: You were an atheist. You read items or engraved 3 times. You never genocided any monsters. You never polymorphed an object. You never changed form. You never touched an artifact. You used no wishes. You never scared an enemy with impunity. You were celibate. You never generated conflict. Achievements: You entered the Gnomish Mines. You attained the rank of Conjurer. Dungeon overview: The Dungeons of Doom: levels 1 to 6 Level 1: A tree. Level 2: "vault" Some fountains. Stairs down to The Gnomish Mines. Level 3: "lk-box" A grave. Level 4: Level 5: A fountain. Level 6: <- You were here. A fountain. Final resting place for you, killed by a dingo. The Gnomish Mines: Level 3: Game over: __________ / \ / REST \ / IN \ / PEACE \ / \ | Catomat | | 96 Au | | killed by a | | dingo | | | | | | 2024 | *| * * * | * _________)/\\_//(\/(/\)/\//\/|_)_______ Goodbye Catomat the Wizard... You died in The Dungeons of Doom on dungeon level 6 with 765 points, and 96 pieces of gold, after 1663 moves. You were level 4 with a maximum of 25 hit points when you died.